Map: Orbital Shipyard

Players

mccamel - Winner!

  • Race: Protoss Protoss
  • League: Bronze

SticklerMac

  • Race: Terran Terran
  • League: Bronze

VOD

Have the link to the VOD?

Description

Time

  • Played on: July 29, 2015, 3 p.m.
  • Length: 13:52
Show
View Real Time Build Order
Export as new Build Order

mccamel Protoss - Winner!

Build Orders:  

Get SALT Encoding   

  12  0:01  Probe  
  13  0:13  Probe  
  14  0:25  Pylon  
  14  0:42  Assimilator  
  14  0:43  Probe (Chrono Boost)  
  14  0:44  Gateway  
  15  0:55  Probe (Chrono Boost)  
  17  1:05  Probe (Chrono Boost)  
  17  1:14  Gateway  
  17  1:16  Pylon  
  17  1:19  Probe  
  18  1:25  Assimilator  
  18  1:31  Probe  
  19  1:48  Cybernetics Core  
  19  1:53  Probe  
  20  2:12  Pylon  
  20  2:13  Probe  
  21  2:24  Warp Gate (Chrono Boost)  
  21  2:25  Probe  
  21  2:29  Stalker  
  24  2:30  Stalker  
  26  2:43  Probe  
  27  2:44  Robotics Facility  
  27  2:55  Probe  
  28  3:05  Stalker  
  28  3:07  Pylon  
  30  3:16  Stalker  
  32  3:29  Probe  
  33  3:34  Immortal (Chrono Boost)  
  33  3:39  Stalker  
  39  3:46  Pylon  
  39  3:52  Gateway  
  39  4:14  Immortal (Chrono Boost)  
  43  4:31  Stalker  
  43  4:32  Pylon  
  44  4:55  Immortal (Chrono Boost)  
  44  4:58  Stalker x2  
  52  5:20  Stalker  
  54  5:29  Stalker x2  
  36  6:16  Stalker x3  
  42  6:20  Immortal (Chrono Boost)  
  42  6:25  Nexus  
  46  6:57  Warp Prism  
  46  7:00  Probe  
  49  7:05  Pylon  
  49  7:07  Stalker x2  
  53  7:12  Probe  
  53  7:13  Stalker  
  50  7:24  Probe  
  45  7:40  Adept  
  45  7:43  Stalker  
  45  7:44  Stalker  
  51  7:52  Probe  
  51  7:53  Probe  
  53  8:04  Probe  
  54  8:16  Probe  
  43  9:07  Zealot x3  
  37  9:33  Zealot x2  
  37  9:34  Zealot  
  39  9:43  Probe  
  40  9:46  Probe  
  41  9:54  Immortal  
  41  9:55  Probe  
  41  9:58  Probe  
  41  10:00  Gateway  
  41  10:03  Gateway  
  41  10:04  Stalker  
  41  10:05  Stalker x2  
  47  10:07  Pylon  
  47  10:10  Probe  
  47  10:11  Pylon  
  48  10:22  Probe  
  48  10:25  Robotics Facility  
  49  10:34  Stalker x2  
  49  10:35  Stalker  
  58  10:53  Immortal (Chrono Boost)  
  58  10:59  Sentry x2  
  58  11:00  Sentry  
  62  11:20  Observer (Chrono Boost)  
  62  11:24  Probe  
  64  11:36  Sentry, Probe  
  64  11:37  Sentry x2, Immortal (Chrono Boost)  
  75  11:48  Probe  
  60  12:12  Stalker x2  
  46  12:40  Stalker  
  46  12:41  Stalker x4  
  56  12:55  Nexus  
  56  12:59  Pylon  
  56  13:26  Stalker x3  
  56  13:27  Stalker x2  
  66  13:35  Robotics Bay  
  66  13:44  Assimilator  
  58  13:48  Assimilator  
Show
View Real Time Build Order
Export as new Build Order

SticklerMac Terran 

Build Orders:  

Get SALT Encoding   

  12  0:12  SCV  
  13  0:16  Supply Depot  
  13  0:24  SCV  
  14  0:36  SCV  
  14  0:39  Barracks  
  15  0:44  Refinery  
  15  0:49  SCV  
  16  1:04  SCV  
  17  1:16  SCV  
  18  1:22  Barracks  
  18  1:30  Barracks Tech Lab  
  18  1:36  SCV  
  18  1:37  Barracks  
  19  1:40  Supply Depot  
  19  1:51  Marauder  
  21  1:58  Orbital Command  
  21  2:12  Factory  
  21  2:20  Marauder  
  23  2:38  Marine  
  23  2:39  Marine  
  23  2:41  Marauder  
  23  2:44  SCV  
  28  2:50  Refinery  
  28  2:56  Supply Depot  
  28  2:58  SCV  
  29  3:13  SCV  
  29  3:19  Marine, Marauder  
  33  3:26  Starport  
  33  3:37  Marine  
  33  3:40  Marine  
  35  3:51  Engineering Bay  
  35  3:54  Widow Mine  
  37  3:57  Marine  
  37  3:59  Marine  
  39  4:08  Supply Depot  
  39  4:18  Terran Infantry Weapons Level 1  
  39  4:29  Marine x2  
  39  4:30  Marauder  
  43  4:37  Supply Depot, Medivac  
  45  4:47  Marine  
  46  4:59  Marauder  
  48  5:00  Marine  
  48  5:01  Supply Depot  
  48  5:07  Medivac  
  48  5:09  Marine  
  51  5:26  Marine  
  52  5:29  Marine  
  52  5:30  Marauder  
  55  5:48  Marine  
  55  5:49  Marine  
  52  5:51  Medivac  
  52  5:52  Marauder  
  40  6:21  Medivac  
  40  6:24  Marine  
  40  6:25  Marine  
  44  6:39  Marauder  
  46  6:42  Marine  
  46  6:43  Marine  
  48  7:00  Marine  
  50  7:04  Marauder, Marine  
  46  7:18  Marine  
  46  7:22  Marine  
  43  7:26  Marauder  
  34  7:39  Medivac  
  34  7:40  Widow Mine, Marine  
  39  7:51  Marine  
  39  7:54  Marauder  
  39  7:58  Marine  
  43  8:00  Barracks  
  43  8:04  Barracks  
  43  8:09  Marine, Medivac, Widow Mine  
  48  8:15  Marauder  
  48  8:16  Marine  
  51  8:26  Marine  
  52  8:45  Widow Mine  
  52  8:46  Marine  
  52  8:47  Marine  
  52  8:48  Marauder  
  58  8:52  Medivac  
  53  9:31  Marine x2  
  53  9:32  Marine x2  
  53  9:34  Marauder  
  36  10:04  Marine, Marauder  
  36  10:05  Marine x2  
  41  10:15  SCV  
  41  10:17  Marine  
  43  10:22  Marine x2  
  43  10:23  Marine  
  43  10:26  Marauder  
  48  10:35  Marine  
  25  12:18  Marine  
  25  12:19  Marine x4  
  20  12:36  Marine  
  18  12:37  Marine x4  
  22  12:54  Marine  
  22  12:55  Marine x4  
  27  13:12  Marine x5  
  32  13:30  Marine x5  
Tags
 
Add a new tag
Caveats
  • Supply blocks, unpowered buildings, or Contaminate may cause inaccurate times.
  • Supply counts are checked every 10 seconds.